[Event "ESCC-65 2022"]
[Site "Lublin"]
[Date "2022.07.05"]
[Round "1.12"]
[White "Neumann, Joachim"]
[Black "Gromowski, Stanislaw"]
[Result "1/2-1/2"]
[ECO "A15"]
[WhiteElo "2082"]
[BlackElo "1613"]
[Annotator "TA"]
[PlyCount "97"]
[EventDate "2022.07.05"]
[EventType "swiss"]
[EventCountry "POL"]
[SourceTitle "playchess.com"]
[Source "ChessBase"]
[SourceQuality "1"]
[TimeControl "40/5400+30:1800+30"]

1. c4 Nf6 2. g3 e6 3. Bg2 c6 4. Nf3 Be7 5. O-O O-O 6. b3 {[%emt 0:01:37] A15: English Opening: 1...Nf6.} d6 7. Bb2 Nbd7 8. Nc3 {[%emt 0:05:57] White is slightly better.} Rb8 {[%emt 0:00:56] [#]} 9. Rc1 $146 ({Predecessor:} 9. Qc2 Re8 10. e4 e5 11. Ne2 c5 12. d3 Nf8 13. Nd2 Ne6 14. Rae1 Bd7 15. f4 {½-½ (36) Crowley,J-Rogers,K Dublin 1998}) 9... Re8 10. e4 e5 11. d4 exd4 12. Nxd4 Bf8 13. Re1 Ne5 14. h3 Bd7 15. f4 Ng6 16. Qd2 h6 17. Rcd1 Qc8 18. Kh2 a6 19. Nc2 Qc7 20. Ba3 c5 21. Ne3 Bc6 22. Qc2 Rbd8 23. Bb2 Qb8 24. Ncd5 Nxd5 25. Nxd5 (25. cxd5 $18 Bd7 26. h4) 25... Bxd5 (25... b5 $16 26. h4 Ne7) 26. Rxd5 ({Much less strong is} 26. exd5 Rxe1 27. Rxe1 Re8 $16) (26. cxd5 $18 {has better winning chances. Threatens to win with h4.} b5 27. h4) 26... Ne7 $16 27. Rd2 {[%emt 0:00:13] White is much more active.} Nc6 28. Red1 Qc7 29. a3 Rd7 30. e5 Rdd8 31. exd6 Rxd6 32. Rxd6 Bxd6 33. Qd3 {[%emt 0:03:37] Inhibits Re3.} Rd8 ({Less strong is} 33... Nd4 34. b4 Be7 35. Bxd4 cxd4 36. Qxd4 $16) 34. Bxc6 Qxc6 35. Be5 (35. Qc3 $11 f6 36. Rd5) 35... Be7 (35... Bc7 $15 36. Qf1 Rxd1 37. Qxd1 Bxe5 38. fxe5 Qe4) 36. Qe2 $11 Re8 37. Qb2 ({White should play} 37. Rd5 $11) 37... Bf8 {[%emt 0:01:51] aiming for ...f6.} (37... f6 $5 38. Bc3 Bf8 $11) 38. Qd2 (38. Qg2 $11 {remains equal.}) 38... Qf3 $17 39. Qd3 $2 (39. Qc2 $17 {was necessary.}) 39... Qf2+ $19 40. Kh1 f6 $1 41. Rf1 {[%emt 0:01:33] [#]} Qa2 (41... Rd8 $1 $19 42. Rxf2 (42. Bc7 Rxd3) 42... Rxd3) 42. Qd5+ (42. Bxf6 $11 Re2 43. Qd5+ Kh8 44. Be5) 42... Kh8 $15 43. Qd7 {[%emt 0:01:48] [#]} (43. Qf7 $142 Qe2 44. Qxe8 Qxf1+ 45. Kh2) 43... Re7 $1 $17 ({Stronger than} 43... Qe2 44. Qxe8 Qxf1+ 45. Kh2 $17) 44. Qd8 Kg8 45. Qd5+ Kh7 46. Qd3+ Kh8 47. Qd8 Kg8 {[%emt 0:00:13] White must now prevent ...Qe2.} 48. Qd5+ $1 Rf7 {Strongly threatening ...Qe2.} 49. Bd6 {Black used his chance.  Weighted Error Value: White=0.30/Black=0.26 (precise)} 1/2-1/2

[Event "ESCC-65 2022"]
[Site "Lublin"]
[Date "2022.07.05"]
[Round "1.14"]
[White "Sokolowski, Ryszard"]
[Black "Plesiuk, Jan"]
[Result "1-0"]
[ECO "E00"]
[WhiteElo "2050"]
[BlackElo "1573"]
[Annotator "TA"]
[PlyCount "99"]
[EventDate "2022.07.05"]
[EventType "swiss"]
[EventCountry "POL"]
[SourceTitle "playchess.com"]
[Source "ChessBase"]
[SourceQuality "1"]
[TimeControl "40/5400+30:1800+30"]

1. d4 Nf6 2. c4 e6 3. Nc3 c5 4. d5 d6 5. e4 Be7 6. f4 {[%emt 0:02:45] A60: Modern Benoni: Early Divergences.} O-O 7. Nf3 a6 8. a4 {[%emt 0:01:24] [#] White is better.} Re8 $146 ({Predecessor:} 8... exd5 9. Nxd5 Bg4 10. Be2 Nbd7 11. h3 Bxf3 12. Bxf3 Ne8 13. O-O f5 14. exf5 Rxf5 15. Bg4 Rf8 16. Be6+ Kh8 17. Be3 Nc7 18. Qd3 Rb8 19. Rae1 b5 20. axb5 axb5 {0-1 (20) Mas Recorda,P (2032)-Bigas Hospital,J (1843) Girona 2013}) 9. Bd3 Nbd7 10. O-O Nf8 11. Kh1 ({White should play} 11. e5) 11... Qc7 (11... exd5 $16 12. exd5 (12. Nxd5 Nxd5 13. cxd5 Bf6 $14) 12... Ng6) 12. b3 (12. e5 $18) 12... exd5 13. cxd5 (13. Nxd5 $6 Nxd5 14. exd5 Bf6 $14) 13... h6 (13... N6d7 $16 {was worth a try.}) 14. h3 (14. e5 $18) 14... Bd7 (14... N6d7 $16) 15. Re1 Ng6 16. e5 $1 Nh7 (16... Nh5 {was necessary.}) 17. Qc2 Nhf8 18. g4 $2 (18. e6 $18) 18... Nh4 (18... dxe5 $1 $11 19. fxe5 Nh4) 19. Ng1 $2 {[%emt 0:02:40] White is more active.} (19. exd6 $16 Qxd6 20. Ne5) 19... g5 $2 (19... dxe5 $1 $15 20. f5 (20. Rxe5 Bf6 $17) 20... Qd6) 20. Ne4 dxe5 21. fxe5 (21. fxg5 $6 hxg5 22. Bxg5 Bxg5 $16) 21... Qxe5 (21... Nfg6) 22. Bb2 $18 Qxd5 23. Bc4 ({Weaker is} 23. Qc3 Qd4 24. Qc2 (24. Qxd4 $2 cxd4 25. Ne2 Ne6 $19) 24... Qb4 $17) 23... Qc6 {[%emt 0:00:04] Strongly threatening ...Nh7.} 24. Rad1 $2 (24. Qc3 $18 Bf6 25. Qxf6 Qxf6 26. Nxf6+ Kg7 27. Nxe8+ Kg6 28. Bd3+ Nf5 29. Nf3 $1) 24... Be6 $1 $15 {[%emt 0:00:24] And now ...Rad8 would win.} 25. Qc3 f6 $1 {[%emt 0:00:27] Hoping for ...Rad8.} 26. Nf3 Nh7 $2 (26... Nxf3 $15 27. Qxf3 Rad8 28. Rxd8 (28. Bxf6 Rxd1 29. Rxd1 Bxc4 $17) 28... Bxd8) 27. Bxe6+ $18 Qxe6 {[%emt 0:00:17] [#]} 28. Nexg5 $1 Qc6 29. Re6 Qc8 {[%emt 0:02:45] [#]} 30. Qc4 $1 {[%emt 0:00:02] White wants to mate with Rxe7+.} Kg7 {[%emt 0:00:16] [#]} (30... b5 31. Qd5) 31. Nxh4 (31. Rxf6 $142 $3 Qe6 (31... Nxg5 32. Rf7+) 32. Qxe6 Nxf6 33. Qf7+ Kh8 34. Qh7#) 31... Nxg5 32. Re3 Qc6+ 33. Kg1 Bf8 {[%emt 0:05:56] [#]} 34. Qd3 {[%emt 0:01:07] Dancing on a razor blade.} (34. Qc2 $1 $18 {[%cal Rc2g6] and the rest is easy. Black must now prevent Qg6+.} Rxe3 (34... Kh8 35. Qg6) 35. Qg6+ Kh8 36. Bxf6+ Qxf6 37. Qxf6+ Kg8 38. Qg6+ Kh8 39. Qf5) 34... Re4 (34... Ne4 $142) 35. Nf5+ ({Only move:} 35. Rf1 $16 c4 36. bxc4) 35... Kg8 36. Rxe4 (36. Bxf6 $5 Qxf6 37. Rxe4 Nxe4 38. Qxe4 $14) 36... Qxe4 37. Bxf6 (37. a5 {is more complex.} Qe6 38. Qc4 Qxc4 39. bxc4 Nxh3+ 40. Kg2) 37... Qxd3 38. Rxd3 b5 39. h4 Ne4 40. Be5 bxa4 41. bxa4 Rc8 42. Kf1 Kf7 43. Bf4 Rc6 44. Ke2 c4 45. Re3 (45. Rf3 $1 $14) 45... Nf6 $11 46. Nd4 Rb6 47. Rf3 {[%emt 0:00:26] aiming for g5.} Rb2+ 48. Kd1 {[%emt 0:00:05] Threatens to win with Be5.} Kg7 $2 (48... Kg8 $11 {and Black stays safe.}) 49. Be5 $18 {[%emt 0:00:23] Ne6+ is the strong threat.} Rb4 50. Rxf6 {[%emt 0:00:20] Weighted Error Value: White=0.77/Black=0.73} 1-0

[Event "ESCC-65 2022"]
[Site "Lublin"]
[Date "2022.07.05"]
[Round "1.15"]
[White "Berkley, Stephen W"]
[Black "Hewson, Brian W R"]
[Result "1/2-1/2"]
[ECO "D45"]
[WhiteElo "1525"]
[BlackElo "2049"]
[Annotator "TA"]
[PlyCount "47"]
[EventDate "2022.07.05"]
[EventType "swiss"]
[EventCountry "POL"]
[SourceTitle "playchess.com"]
[Source "ChessBase"]
[SourceQuality "1"]
[TimeControl "40/5400+30:1800+30"]

1. d4 Nf6 2. c4 e6 3. Nc3 d5 4. Nf3 c6 5. e3 Nbd7 6. Qc2 a6 7. b3 h6 {[%emt 0:13:10] [#] D45: Semi-Slav: 5 e3.} 8. h3 $146 ({Predecessor:} 8. Bd3 Bd6 9. O-O O-O 10. e4 e5 11. cxd5 cxd5 12. Nxd5 Nxd5 13. exd5 exd4 14. h3 {1-0 (70) Berube,A (2152)-Leveille,F (2301) Montreal 2012}) 8... Bd6 9. Bd3 O-O {[%emt 0:06:16] White is slightly better.} 10. O-O Re8 11. e4 {[%emt 0:15:20] [#] And now e5 would win.} dxe4 12. Nxe4 Nxe4 13. Bxe4 f5 14. Bd3 c5 15. Bb2 cxd4 16. Nxd4 Be5 (16... Nc5 $14) 17. Rad1 $16 Qc7 (17... Bxd4 $16 {was necessary.} 18. Bxd4 b6) 18. Be2 (18. Rfe1 $18) 18... Bf6 19. Bh5 Re7 20. Rfe1 {[%emt 0:03:48] White is more active.} Nc5 21. b4 Ne4 22. Nf3 Bxb2 (22... Rd7 $14) 23. Qxb2 Bd7 24. Ne5 {[%emt 0:00:54] Weighted Error Value: White=0.09 (flawless) /Black=0.15 (very precise)} 1/2-1/2

[Event "ESCC-65 2022"]
[Site "Lublin"]
[Date "2022.07.06"]
[Round "2.1"]
[White "Dobosz, Henryk"]
[Black "Lederman, Leon"]
[Result "1/2-1/2"]
[ECO "A11"]
[WhiteElo "2354"]
[BlackElo "2213"]
[Annotator "TA"]
[PlyCount "65"]
[EventDate "2022.07.05"]
[EventType "swiss"]
[EventCountry "POL"]
[SourceTitle "playchess.com"]
[Source "ChessBase"]
[SourceQuality "1"]
[TimeControl "40/5400+30:1800+30"]

1. c4 c6 2. d4 d5 3. Nc3 Nf6 4. cxd5 cxd5 5. Bf4 Nc6 6. e3 a6 7. Bd3 Bg4 8. f3 Bh5 9. Nge2 e6 {[%emt 0:00:31] D10: Slav Defence: 3 cxd5 (without early Nf3) and 3 Nc3.} 10. Rc1 Bd6 11. Bxd6 Qxd6 {[%emt 0:00:15] [#] The position is equal.} 12. f4 $146 (12. Na4 $142) ({Predecessor:} 12. Nf4 Bg6 13. O-O Ke7 14. Qd2 Rac8 15. Na4 Qb4 16. Nc3 Qd6 17. Na4 Qb4 18. Nc3 Qd6 19. Na4 Qb4 {½-½ (19) Ni,H (2629)-Harikrishna,P (2645) Tiayuan 2005}) 12... O-O $11 13. O-O Rfc8 14. Qd2 Bg6 15. Ng3 Bxd3 16. Qxd3 Nb4 (16... Rc7 $15) 17. Qd2 Rc7 {[%emt 0:00:40] [#]} (17... g6 $15) 18. e4 $1 $16 {[%emt 0:10:01][%cal Be3e4,Be4e5][%mdl 32] And now e5 would win.} Qf8 19. e5 Nd7 20. f5 {[%emt 0:00:15] Hoping for fxe6.} Qd8 21. Rf4 {[%emt 0:11:09] Inhibits Qh4.} Rac8 22. Rcf1 Rc4 $2 (22... Kh8 $16 23. Nb5 axb5) 23. fxe6 fxe6 24. a3 Nc6 25. b3 Rxc3 26. Qxc3 Ncxe5 $2 (26... Qe7 {is a better chance.} 27. Ne2 Rf8) 27. Qe3 $18 Qb6 28. Re1 $2 (28. Nh5) 28... Ng6 29. Rf2 Re8 30. Nh5 {[%emt 0:01:04] Inhibits Nf6.} e5 31. Nf4 $2 Nxf4 (31... Nf6 $1 $11 32. Nxg6 (32. dxe5 Qxe3 33. Rxe3 Ng4 $11) 32... hxg6) 32. Rxf4 $16 {[%emt 0:00:05][%cal Rd4e5][%mdl 64] [#] Pin} e4 33. h3 {[%emt 0:00:21] Weighted Error Value: White=0.44/Black=0.48} 1/2-1/2

[Event "ESCC-65 2022"]
[Site "Lublin"]
[Date "2022.07.06"]
[Round "2.2"]
[White "Biro, Sandor"]
[Black "Bogdanov, Valentin"]
[Result "1-0"]
[ECO "C55"]
[WhiteElo "2116"]
[BlackElo "2333"]
[Annotator "TA"]
[PlyCount "31"]
[EventDate "2022.07.05"]
[EventType "swiss"]
[EventCountry "POL"]
[SourceTitle "playchess.com"]
[Source "ChessBase"]
[SourceQuality "1"]
[TimeControl "40/5400+30:1800+30"]

1. e4 e5 2. Nf3 Nc6 3. Bc4 Bc5 4. O-O Nf6 5. d4 exd4 6. e5 d5 7. exf6 dxc4 8. fxg7 {[%emt 0:00:07] C56: Two Knights: 4 d4 exd4 5 0-0 Nxe4.} Rg8 9. Bg5 {[%emt 0:00:08] Prevents Qf6.} Qd6 {[%emt 0:02:12] 9...Qd5 is the modern continuation.} (9... Be7 $11 {and Black has nothing to worry.} 10. Bxe7 Kxe7) 10. Nbd2 {[%emt 0:01:11] White is clearly better.} Qg6 {[%emt 0:19:04] [#]} 11. Ne4 $1 Be7 {[%emt 0:07:02] Prevents Nf6+.} (11... Qxe4 $2 12. Re1 Qe6 13. Bf6 $18) 12. Re1 {[%emt 0:43:08] Nf6+ is the strong threat.} (12. Bxe7 Kxe7 13. Nxd4 Rxg7) 12... Be6 13. Bxe7 ({Worse is} 13. Nxd4 O-O-O 14. Nxc6 bxc6 $17) 13... Nxe7 (13... Kxe7 14. Nxd4 (14. Ng3 Rad8 $16) 14... Nxd4 15. Qxd4 Qxg7 16. Qc5+ Kd7 17. Rad1+ Kc8) 14. Qxd4 $18 {[%emt 0:00:43] Hoping for Nf6+.} Rxg7 {[%emt 0:00:48][%csl Gg7][%cal Rg6g2] [#]} 15. Nh4 $146 {[%emt 0:09:12] Pair of Knights!} ({Predecessor:} 15. g3 Nc6 16. Nf6+ Kf8 17. Qc5+ Ne7 18. Nd5 Re8 19. Nxe7 Rxe7 20. Rad1 Ke8 21. Qd4 {1-0 (44) Tober,G (2296)-Frank,D (2144) Austria 2010}) 15... Qh6 {[%emt 0:01:35] [#]} 16. Rad1 $1 {[%emt 0:05:44] Black did not feel at home in the position after the opening.  Weighted Error Value: White=0.04 (flawless) /Black=0.75} 1-0

[Event "ESCC-65 2022"]
[Site "Lublin"]
[Date "2022.07.06"]
[Round "2.3"]
[White "Renman, Nils-Gustaf"]
[Black "Chapman, Terry P D"]
[Result "1-0"]
[ECO "E11"]
[WhiteElo "2311"]
[BlackElo "2207"]
[Annotator "TA"]
[PlyCount "91"]
[EventDate "2022.07.05"]
[EventType "swiss"]
[EventCountry "POL"]
[SourceTitle "playchess.com"]
[Source "ChessBase"]
[SourceQuality "1"]
[TimeControl "40/5400+30:1800+30"]

1. d4 Nf6 2. c4 e6 3. Nf3 Bb4+ 4. Nbd2 O-O 5. a3 Be7 6. e4 d6 {[%emt 0:00:37] E11: Bogo-Indian.} 7. Be2 $1 {[%emt 0:03:02] 7.Be2 scores better than 7.Bd3.} Nfd7 8. b4 e5 {[%emt 0:03:59] The position is equal.} 9. d5 a5 10. Bb2 c5 11. bxa5 Rxa5 12. O-O {[%emt 0:01:01] [#]} g6 $146 ({Predecessor:} 12... Ra6 13. Ne1 Nf6 14. g3 Bh3 15. Ng2 Nbd7 16. f4 g6 17. Rf2 h5 18. Ne3 Re8 {½-½ (46) Gajewski,G (2596)-Tratar,M (2419) Tornelo INT 2021}) 13. Ne1 f5 14. exf5 gxf5 15. f4 Bf6 16. fxe5 (16. Qb1 $5 ) 16... Nxe5 17. Qc2 Qe7 18. Kh1 Ng4 (18... Nbd7 $14) 19. Bxg4 $16 fxg4 {[%emt 0:01:58] [#]} (19... Bxb2 $16 20. Qxb2 fxg4) 20. Nd3 $2 (20. Rxf6 $1 $18 {is the precise move to win.} Rxf6 21. Qc3) 20... Bxb2 21. Qxb2 Nd7 22. Rxf8+ Nxf8 23. Re1 {[%emt 0:03:18] White is more active.} (23. Rf1 {feels hotter.} Ra8 24. Nf4 Bf5 25. Nh5) 23... Qg7 24. Qb3 {[%emt 0:04:27] Ne4 is the strong threat.} Bf5 25. Nf2 {aiming for Nde4.} Ra8 26. Qg3 $36 {[%emt 0:07:57][%mdl 2048] White has the initiative.} Qd4 27. Nfe4 {[%emt 0:04:03] White stays focused until the end.} Bg6 $2 (27... Bxe4 $16 28. Nxe4 Re8 29. Nxd6 Rxe1+ 30. Qxe1 Qf4) 28. Qxg4 $18 ({Worse is} 28. Qxd6 Re8 29. Qf4 (29. Nf6+ Qxf6 30. Qxf6 Rxe1+ 31. Nf1 Bd3 $11) 29... Nd7 $11) 28... Rxa3 {[%emt 0:00:30][%cal Ob7b5] [#]} 29. h4 $1 {[%emt 0:03:09] And now h5 would win.} Ra1 30. Rxa1 Qxa1+ 31. Kh2 {[%emt 0:00:12] Strongly threatening h5.} Qe5+ 32. Qg3 Nd7 33. Nxd6 b6 34. Nf3 {[%emt 0:04:24] Pair of Knights!} Qxg3+ (34... Qg7 $142 35. Nc8 Bh5) 35. Kxg3 {[%emt 0:00:09][%mdl 4096] Endgame KBN-KNN} Kf8 36. Kf4 Ke7 37. Nf5+ Kf6 $2 (37... Bxf5 38. Kxf5 b5) 38. g4 {[%emt 0:03:58][%cal Bg2g4,Bg4g5][%mdl 32] Hoping for h5.} Bxf5 39. g5+ Kg6 40. h5+ $1 {[%emt 0:00:00][%mdl 64] Deflection} Kxh5 41. Kxf5 {[%emt 0:00:11] KN-KN} b5 42. cxb5 c4 43. d6 c3 44. Ne1 Nc5 45. Kf6 Kg4 46. Ke7 {[%emt 0:00:20] Weighted Error Value: White=0.09 (flawless) /Black=0.47} 1-0

[Event "ESCC-65 2022"]
[Site "Lublin"]
[Date "2022.07.06"]
[Round "2.4"]
[White "Syre, Christian"]
[Black "Sokolowski, Ryszard"]
[Result "1/2-1/2"]
[ECO "A45"]
[WhiteElo "2243"]
[BlackElo "2050"]
[Annotator "TA"]
[PlyCount "92"]
[EventDate "2022.07.05"]
[EventType "swiss"]
[EventCountry "POL"]
[SourceTitle "playchess.com"]
[Source "ChessBase"]
[SourceQuality "1"]
[TimeControl "40/5400+30:1800+30"]

1. d4 Nf6 2. Bf4 e6 3. e3 b6 4. Nf3 Bb7 5. Bd3 Be7 6. h3 c5 $1 {[%emt 0:01:16][%mdl 4] is currently scoring better than 6...0-0.} 7. c3 Nc6 8. Nbd2 cxd4 {[%emt 0:06:08] A47: 1 d4 Nf6 2 Nf3 b6: Torre, London and Colle Systems.} 9. exd4 d6 10. Bh2 O-O {[%emt 0:04:01] White has an edge.} 11. O-O Re8 12. Re1 Bf8 {[%emt 0:01:44] [#]} 13. a3 $146 ({Predecessor:} 13. Ne4 Na5 14. Qc2 Nxe4 15. Bxe4 Bxe4 16. Rxe4 d5 17. Re2 Rc8 18. Qd3 Nc4 19. Ne5 {1-0 (32) Bindrich,F (2594)-Zhang,Z (2619) Berlin 2015}) 13... Qd7 14. Rc1 g6 15. c4 Bh6 16. Rc2 Rad8 17. Bf1 e5 {[%emt 0:12:18] Hoping for ...e4.} 18. d5 Nb8 19. Rc3 Na6 20. Bg3 Rc8 21. Bh4 Bg7 22. Nb1 h6 23. Bxf6 Bxf6 24. Rce3 Bg7 25. Nc3 Nc7 26. Bd3 Rf8 27. Bc2 Ne8 28. Ba4 Qd8 29. b3 Nf6 30. Bc6 Bxc6 31. dxc6 Rxc6 32. Rd3 {[%emt 0:00:26] aiming for Nxe5.} Qb8 33. Nd5 Nxd5 34. Rxd5 Re8 35. Qd3 Bf8 36. g4 Rc5 37. Nd2 Rxd5 38. Qxd5 Qa8 39. Qd3 Qc6 40. Ne4 Kg7 {[%emt 0:00:00] Inhibits Nf6.} 41. Nc3 Re6 42. Nd5 Be7 {[%emt 0:06:50] Black is slightly better.} 43. a4 Bh4 44. Re2 Qc5 45. Kg2 Bg5 46. Kf1 a5 {[%emt 0:07:27] Weighted Error Value: White=0.09 (flawless) /Black=0.07 (flawless)} 1/2-1/2

[Event "ESCC-65 2022"]
[Site "Lublin"]
[Date "2022.07.06"]
[Round "2.5"]
[White "Wagner-Michel, Annett"]
[Black "Petran, Peter"]
[Result "0-1"]
[ECO "B06"]
[WhiteElo "2056"]
[BlackElo "2234"]
[Annotator "TA"]
[PlyCount "120"]
[EventDate "2022.07.05"]
[EventType "swiss"]
[EventCountry "POL"]
[SourceTitle "playchess.com"]
[Source "ChessBase"]
[SourceQuality "1"]
[TimeControl "40/5400+30:1800+30"]

1. e4 g6 2. d4 Bg7 3. Nf3 c6 4. Bd3 d6 5. O-O Nd7 6. h3 {[%emt 0:01:39] B06: Modern Defence.} e5 7. c3 (7. Bg5 {looks sharper.} Ngf6 8. c3 h6 9. Bh4) 7... Ngf6 8. Nbd2 {[%emt 0:03:06] White is slightly better.} Qc7 9. Re1 O-O 10. Nf1 a6 11. a4 b6 {[%emt 0:00:08] [#]} 12. Bg5 $146 ({Predecessor:} 12. Ng3 Bb7 13. Bg5 h6 14. Be3 Kh7 15. Rc1 c5 16. Qe2 c4 17. Bc2 b5 18. Nd2 {0-1 (55) Neubauer,A (1913)-Smith,P (2049) Bled 2018}) 12... h6 13. Be3 Rb8 14. Qd2 Kh7 15. g4 c5 16. Ng3 c4 17. Bc2 Bb7 18. Rad1 Rfd8 (18... Rh8 $14) 19. g5 $16 hxg5 20. Nxg5+ (20. Bxg5 $6 Rh8 $11) 20... Kg8 21. f4 Nh7 (21... exf4 $142 22. Bxf4 Nf8) 22. Nxh7 Kxh7 23. Rf1 exd4 24. cxd4 f6 $2 (24... Rh8 $16 {was necessary.}) 25. f5 $18 g5 26. Qe2 Rh8 {[%emt 0:02:17] [#]} 27. Qg4 $2 (27. Bxg5 $1 $18 Kg8 28. Bf4) 27... Kg8 $16 28. Nh5 Nf8 $2 {[%emt 0:06:31][%mdl 8192] [#]} (28... Kf7 $16 {is a better chance.}) 29. Rf3 $2 (29. Bxg5 $1 fxg5 (29... Rxh5 30. Qxh5) 30. f6) 29... Qf7 30. Nxg7 Qxg7 31. Rg3 Re8 {[%emt 0:03:01] Against e5} (31... Nd7 $16 {keeps fighting.}) 32. Qf3 (32. e5 $18 {is the precise move to win. exf6 is the strong threat.} Nh7 33. Qh5) 32... Rh4 33. Rg4 {[%emt 0:00:32] Threatens to win with Rxh4.} Qh6 34. Rxh4 (34. Kg2 $16) 34... Qxh4 $14 35. Bf2 (35. d5 $14 {stays ahead.}) 35... Bxe4 $17 36. Qe2 {[%emt 0:00:40] [#]} ({White should play} 36. Bxh4 Bxf3 37. Re1) 36... Qf4 {[%emt 0:00:25] Black is more active.} (36... Bd5 $1 $17 37. Qg4 (37. Qxe8 $2 {is the wrong capture.} Qxh3 38. Be4 Qg4+ 39. Kf1 Qxd1+ 40. Be1 Qxd4 $19) 37... Qxg4+ 38. hxg4 Bf3) 37. Bxe4 $11 Qxe4 38. Qxc4+ d5 $132 {[%emt 0:00:05][%mdl 2048] Black is not holding back} 39. Qc6 Qf3 $1 40. Qxe8 (40. Rf1 $1 $11 Kf7 41. Qxb6) 40... Qxd1+ {[%emt 0:00:00][%mdl 4096] Endgame KQB-KQN} 41. Kg2 Qc2 42. Qa8 ({But not} 42. a5 $2 bxa5 43. b3 Qxf5 $19) 42... Qxf5 43. Qxa6 (43. b4 $17) 43... Ng6 {[%emt 0:00:28] aiming for ...Nf4+.} 44. Qf1 ({Don't blunder} 44. Qa8+ $2 Kg7 45. Bg3 Qe4+ 46. Kh2 Qc2+ 47. Kh1 Qb1+ 48. Kg2 Qxb2+ 49. Kf1 Qxd4 $19) (44. Bg3 $17 {might work better.}) 44... Nf4+ 45. Kg3 Qe4 {[%emt 0:10:03] Prevents Be3.} (45... Kg7 $1 $19 46. Be3 Nh5+ 47. Kg2 Qc2+ 48. Qf2 Qxa4) 46. Bg1 (46. b4 $17) 46... Kf7 47. Kh2 $2 (47. b4 {was the crucial defense.}) 47... Qc2+ $19 48. Kh1 Qxb2 49. Be3 (49. h4 $142 Qc3 50. Qf2) 49... Qe2 50. Qxe2 Nxe2 {[%emt 0:00:07] KB-KN} 51. Kg2 Nc3 52. a5 bxa5 53. Bd2 Nb5 54. Bxa5 Nxd4 {[%emt 0:00:09] Hoping for ...Ke6.} 55. Kf2 Ke6 {[%emt 0:00:23] And now ...Kf5 would win.} 56. Kg3 Kf5 57. Bd2 Nb3 (57... Ke4 $142 58. Kf2 Ne6 59. Bb4 Nf4 60. Ba5 Nxh3+ 61. Kg3 {[#]} d4 $1 62. Bb4 Ke3 $1 63. Bc5 Nf2 64. Kh2 f5 65. Ba7 Ne4 66. Kh3 g4+ 67. Kh4 g3 68. Kh3 f4 69. Kg4 g2 70. Bb6 g1=Q+ 71. Kf5 Qg5+ 72. Ke6 Qf6+ 73. Kd7 Qxb6 74. Ke7 Qc7+ 75. Ke6 f3 76. Kd5 f2 77. Ke6 f1=Q 78. Kd5 Qff7#) 58. Be1 d4 {[%emt 0:00:44] ( -> ...d3)} 59. Kf3 Nc5 60. Bf2 Ne6 {[%emt 0:00:16] Quite a comeback for Black.  Weighted Error Value: White=1.08/Black=0.41} 0-1

[Event "ESCC-65 2022"]
[Site "Lublin"]
[Date "2022.07.06"]
[Round "2.6"]
[White "Malesevic, Nedeljko"]
[Black "Praszak, Michal"]
[Result "0-1"]
[ECO "A45"]
[WhiteElo "2228"]
[BlackElo "2048"]
[Annotator "TA"]
[PlyCount "30"]
[EventDate "2022.07.05"]
[EventType "swiss"]
[EventCountry "POL"]
[SourceTitle "playchess.com"]
[Source "ChessBase"]
[SourceQuality "1"]
[TimeControl "40/5400+30:1800+30"]

1. d4 Nf6 2. Bg5 d5 3. c4 Ne4 4. Bf4 e5 5. dxe5 Bc5 (5... dxc4 6. Qxd8+ Kxd8 7. Nc3 Nxc3 8. bxc3 $11) 6. e3 {[%emt 0:02:24] D06: Queen's Gambit: Symmetrical and Baltic Defences.} Bb4+ (6... Qh4 $6 7. g3 Bb4+ 8. Nc3 $11) 7. Ke2 {[%emt 0:00:25] [#]} g5 $146 {[%emt 0:12:13] 0x0.001f237d9ccbdp-1022s more active pieces.} ({But not} 7... dxc4 $6 8. Qxd8+ Kxd8 9. a3 $11 (9. Kf3 b5 $11)) ({Black should try} 7... Qh4 $17 8. g3 Qh5+ 9. Nf3 dxc4) ({Predecessor:} 7... Qh4 8. g3 Qh5+ 9. f3 g5 10. Qxd5 gxf4 11. Qxe4 fxg3 12. Qf4 Qg6 {0-1 (12) Stosic,S (2174)-Podinic,B (2274) Belgrade 2012}) 8. a3 {[%emt 0:19:45] The position is equal.} gxf4 {[%emt 0:02:31] Dancing on a razor blade.} 9. axb4 fxe3 10. Kxe3 Qh4 11. g3 Qh6+ 12. Ke2 {[%emt 0:03:00] [#]} (12. f4 $1 $11 {was the only way to keep the balance.} d4+ 13. Qxd4 Nxg3 14. hxg3 Qxh1 15. Kf2 Qh2+ 16. Bg2) 12... Qb6 $1 $40 {[%emt 0:10:03][%mdl 128] Black goes for the king.} ({Inferior is} 12... dxc4 13. Bg2 Bg4+ 14. Bf3 $15) 13. Qe1 (13. c5 $142 Qxb4 14. Qa4+ Qxa4 15. Rxa4) 13... dxc4 $2 ({Worse is} 13... Qd4 14. Kf3 Qxb2 15. Ra5 $17) (13... Nc6 $19 14. f3 {[#]} Nxb4 $1) 14. Bh3 (14. Kf3 $11 Bf5 15. Kg2) 14... Qd4 15. Bxc8 $4 (15. Kf1 $15 Bxh3+ 16. Nxh3) 15... Qd3# {Weighted Error Value: White=0.80/Black=0.46} 0-1